 Dungeon Crawl Stone Soup version 0.29-a0-1047-g7c58e119a4 (webtiles) character file.

Game seed: 1269526957270929622

100 Zeldest the Shield-Bearer (level 4, -2/24 HPs)
             Began as a Vine Stalker Fighter on Aug 16, 2022.
             Slain by Pikel
             ... wielding a +0 whip of flaming
              (5 damage)
             ... on level 4 of the Dungeon.
             The game lasted 00:01:14 (1433 turns).

Zeldest the Shield-Bearer (Vine Stalker Fighter)    Turns: 1433, Time: 00:01:15

Health: -2/24      AC: 11    Str: 20    XL:     4   Next: 74%
Magic:  0/5        EV:  5    Int:  8    God:
Gold:   93         SH:  5    Dex: 14    Spells: 3/3 levels left

rFire   . . .      SeeInvis .   a - +0 war axe
rCold   . . .      Faith    .   c - +0 buckler
rNeg    . . .      Spirit   +   j - +0 plate armour
rPois   .          Reflect  .   (no helmet)
rElec   .          Harm     .   (no cloak)
rCorr   .          Rampage  .   (no gloves)
Will    .....                   (no boots)
Stlth   ..........              (no amulet)
HPRegen 0.88/turn               (no ring)
MPRegen 0.09/turn               (no ring)

@: no status effects
A: fangs 2, regeneration 1, magic shield, antimagic bite, no potion heal 2
a: no special abilities


You were on level 4 of the Dungeon.
You visited 1 branch of the dungeon, and saw 3 of its levels.

You collected 93 gold pieces.

Inventory:

Hand Weapons
 a - a +0 war axe (weapon)
Armour
 c - a +0 buckler (worn)
 j - a +0 plate armour (worn)
Scrolls
 b - a scroll of blinking {unknown}
 e - 2 scrolls of acquirement {unknown}
 f - a scroll of immolation {unknown}
 g - 2 scrolls of silence {unknown}
 h - 4 scrolls of identify {unknown}


   Skills:
 + Level 3.2 Fighting
 * Level 3.0 Axes
 + Level 2.9 Armour
 + Level 3.2 Shields


You had 3 spell levels left.
You didn't know any spells.
Your spell library was empty.

Dungeon Overview and Level Annotations

Branches:
Dungeon (2/15)

Altars:
The Shining One

Annotations:
D:4 Pikel


Innate Abilities, Weirdness & Mutations

You have extremely sharp teeth.
Your natural rate of healing is unusually fast.
When hurt, damage is shared between your health and your magic reserves.
Your bite disrupts and absorbs the magic of your enemies.
Potions cannot restore your health.


Message History

The lemure is lightly wounded.
The lemure hits you.
You slash Pikel!
Pikel is moderately wounded.
Pikel hits you but does no damage.
You hit Pikel but do no damage. Your bite misses Pikel.
Pikel is moderately wounded.
Pikel hits you with a +0 whip of flaming.
Pikel burns you.
Pikel hits you with a +0 whip of flaming.
Pikel burns you.
You are too injured to fight recklessly!
You are too injured to fight recklessly!
You are too injured to fight recklessly!
You are too injured to fight recklessly!
You are too injured to fight recklessly!
You are too injured to fight recklessly!
You are too injured to fight recklessly!
You are too injured to fight recklessly!
You are too injured to fight recklessly!
You are too injured to fight recklessly!
You are too injured to fight recklessly!
You are too injured to fight recklessly!
You are too injured to fight recklessly!
You are too injured to fight recklessly!
You barely miss Pikel.
Pikel is moderately wounded.
You block Pikel's attack.
You aren't carrying any items that you can evoke.
Okay, then.
You hit Pikel but do no damage.
Pikel is moderately wounded.
You block Pikel's attack.
Pikel hits you with a +0 whip of flaming!
* * * LOW HITPOINT WARNING * * *
Pikel burns you.
* * * LOW HITPOINT WARNING * * *
It was a potion of curing.
That felt strangely inert.
Pikel hits you with a +0 whip of flaming.
You die...

#......................
#.####.#############.##
#.# #.## #.#
########... #.#
........... #####.#
.#######.#. #.....#
#.#. #.###.# #... #@#
###. #K#### #. #55..#
#. #5##.# #. ###.##.#
#. #.....## #. ##..†..#
#. #.....## ##....##


You could see Pikel and 3 lemures.

Vanquished Creatures
  A lemure (D:4)
  An orc priest (D:2)
  An adder (D:2)
  3 dart slugs
  6 orcs (D:2)
  A ball python (D:1)
  2 bats (D:1)
  5 endoplasms
  5 giant cockroaches
  4 goblins
  3 hobgoblins
  5 jackals
  2 quokkas
  3 frilled lizards
  A kobold (D:1)
  2 rats (D:2)
45 creatures vanquished.

Notes
Turn   | Place    | Note
-------+----------+-------------------------------------------
     0 | D:1      | Zeldest the Vine Stalker Fighter began the quest for the
                  | Orb.
     0 | D:1      | Reached XP level 1. HP: 11/11 MP: 2/2
   171 | D:1      | Reached XP level 2. HP: 7/16 MP: 3/3
   600 | D:1      | Found a faded altar of an unknown god.
  1045 | D:2      | Reached XP level 3. HP: 19/19 MP: 4/4
  1049 | D:2      | Gained mutation: Your natural rate of healing is unusually
                  | fast. [Vine Stalker growth]
  1049 | D:2      | Reached XP level 4. HP: 12/24 MP: 2/5
  1269 | D:2      | You fall into a shaft and drop 2 floors!
  1382 | D:4      | Found a glowing golden altar of the Shining One.
  1392 | D:4      | Noticed a lemure
  1392 | D:4      | Noticed a lemure
  1392 | D:4      | Noticed a lemure
  1393 | D:4      | Noticed a lemure
  1393 | D:4      | Noticed Pikel
  1427 | D:4      | Killed a lemure
  1433 | D:4      | Slain by Pikel

Illustrated notes

Levels and vault maps discovered:
D:1:      erik_arrival_blinker_ship, layout_loops_corners,
          hellmonk_ecumenical_altar_run_dry
D:2:      cheibrodos_pilgrimage, layout_rooms
D:4:      layout_loops_ring, nicolae_tso_carved_into_rock,
          mainiacjoe_overflow_alcove_2, mainiacjoe_overflow_divided_tiny,
          minmay_shop_enchanted_jewellery, uniq_pikel, uniq_eustachio

Skill      XL: |  1  2  3  4 |
---------------+-------------+-----
Axes           | 2 3 |  3.0
Fighting       | 3 |  3.2
Shields        | 3 |  3.2
Armour         | |  2.9

Action                   |  1- 3 |  4- 6 || total
-------------------------+-------+-------++-------
Melee: War axe           |    38 |    54 ||    92
       Bite              |    14 |     9 ||    23
  Use: Potion            |     1 |     1 ||     2
Armor: Scale mail        |    21 |       ||    21
       Plate armour      |     4 |    34 ||    38
Dodge: Dodged            |    15 |     9 ||    24
Block: Buckler           |     5 |    15 ||    20

Table legend: (Time is in decaauts)
 A = Elapsed time spent in this place.
 B = Non-inter-level travel time spent in this place.
 C = Inter-level travel time spent in this place.
 D = Time resting spent in this place.
 E = Time spent auto-exploring this place.
 F = Levels seen in this place.
 G = Mean time per level.
                   A        B        C        D        E       F      G
               +--------+--------+--------+--------+--------+-----+--------+
         Total |   1469 |   1409 |     60 |    166 |    967 |   3 |  489.7 |
       Dungeon |   1469 |   1409 |     60 |    166 |    967 |   3 |  489.7 |
               +--------+--------+--------+--------+--------+-----+--------+

Top non-repeatable levels by time:
     D:1: 1031 daAuts
     D:2: 264 daAuts
     D:4: 173 daAuts
